TOP OF THE 1ST |
Johnson City Cardinals batting - Pitching for Grand Junction Rockies : RHP Don Boudreau
|
Pitching: RHP Don Boudreau
|
|
Batting: RHB Fortunato Fteira
|
0-0: Ball 1-0: Ground out 5-3 (Groundball, 56S, EV 91.9 MPH)
|
Batting: SHB Jason Kirby
|
0-0: Ball 1-0: Ball 2-0: Ball 3-0: Base on Balls
|
Batting: LHB Billy Guzman
|
0-0: Ball 1-0: Ball 2-0: Ball 3-0: Base on Balls Jason Kirby to second
|
Batting: RHB Pat Scaturro
|
0-0: Called Strike 0-1: Ball 1-1: Called Strike 1-2: Strikes out swinging
|
Batting: RHB Josh Broome
|
0-0: Ball 1-0: Called Strike 1-1: Ball 2-1: Ball 3-1: Base on Balls Jason Kirby to third Billy Guzman to second
|
Batting: RHB Brad Payne
|
0-0: Called Strike 0-1: Called Strike 0-2: Ball 1-2: Strikes out swinging
|
Top of the 1st over - 0 runs, 0 hits, 0 errors, 3 left on base; Johnson City 0 - Grand Junction 0 |
BOTTOM OF THE 1ST |
Grand Junction Rockies batting - Pitching for Johnson City Cardinals : LHP Danny Rivera
|
Pitching: LHP Danny Rivera
|
|
Batting: RHB Juan Figueroa
|
0-0: Called Strike 0-1: Called Strike 0-2: Foul Ball, location: 2F 0-2: Foul Ball, location: 2F 0-2: Ball 1-2: Strikes out swinging
|
Batting: LHB Bill McGregor
|
0-0: Swinging Strike 0-1: Ball 1-1: Foul Ball, location: 2F 1-2: Foul Ball, location: 2F 1-2: Foul Ball, location: 2F 1-2: Ball 2-2: Ball 3-2: Fly out, F7 (Flyball, 7LM, EV 94.4 MPH)
|
Batting: RHB John Boyer
|
0-0: Fly out, F4 (Popup, 4, EV 73.1 MPH)
|
Bottom of the 1st over - 0 runs, 0 hits, 0 errors, 0 left on base; Johnson City 0 - Grand Junction 0 |
TOP OF THE 2ND |
Johnson City Cardinals batting - Pitching for Grand Junction Rockies : RHP Don Boudreau
|
Batting: RHB Austin Akers
|
0-0: Foul Ball, location: 2F 0-1: Foul Ball, location: 2F 0-2: Ball 1-2: Strikes out swinging
|
Batting: RHB Vic Nelson
|
0-0: SINGLE (Line Drive, 7LS, EV 95.6 MPH)
|
Batting: RHB David Klein
|
0-0: Ball 1-0: Ball Wild Pitch! Vic Nelson to second 2-0: Foul Ball, location: 2F 2-1: Foul Ball, location: 2F 2-2: Strikes out swinging
|
Batting: RHB Fortunato Fteira
|
0-0: Called Strike 0-1: Swinging Strike 0-2: Ball 1-2: Strikes out swinging
|
Top of the 2nd over - 0 runs, 1 hit, 0 errors, 1 left on base; Johnson City 0 - Grand Junction 0 |
BOTTOM OF THE 2ND |
Grand Junction Rockies batting - Pitching for Johnson City Cardinals : LHP Danny Rivera
|
Batting: RHB Willis Morales
|
0-0: Called Strike 0-1: Ball 1-1: Ball 2-1: Fly out, F9 (Line Drive, 9D, EV 100.6 MPH)
|
Batting: SHB Jeff Sorrels
|
0-0: Called Strike 0-1: Foul Ball, location: 2F 0-2: SINGLE (Groundball, 34D, EV 95.0 MPH)
|
Batting: RHB Zakhar Edelman
|
0-0: Called Strike 0-1: TRIPLE (Line Drive, 8RXD, EV 95.6 MPH) Jeff Sorrels scores
|
Batting: LHB Chris Salim
|
0-0: Ball 1-0: Ball 2-0: Foul Ball, location: 2F 2-1: Ball 3-1: Foul Ball, location: 2F 3-2: Strikes out looking
|
Batting: RHB Bryce Hickman
|
0-0: Ball 1-0: Ball 2-0: Ball 3-0: Called Strike 3-1: Swinging Strike 3-2: Foul Ball, location: 2F 3-2: Foul Ball, location: 2F 3-2: Strikes out swinging
|
Bottom of the 2nd over - 1 run, 2 hits, 0 errors, 1 left on base; Johnson City 0 - Grand Junction 1 |
TOP OF THE 3RD |
Johnson City Cardinals batting - Pitching for Grand Junction Rockies : RHP Don Boudreau
|
Batting: SHB Jason Kirby
|
0-0: Ball 1-0: Ball 2-0: Called Strike 2-1: Ball 3-1: Foul Ball, location: 2F 3-2: Foul Ball, location: 2F 3-2: Base on Balls
|
Batting: LHB Billy Guzman
|
0-0: Swinging Strike 0-1: Ball 1-1: Ball 2-1: Ball 3-1: Base on Balls Jason Kirby to second
|
Batting: RHB Pat Scaturro
|
0-0: Ball 1-0: Foul Ball, location: 2F 1-1: Called Strike 1-2: Foul Ball, location: 2F 1-2: Fly out, F9 (Flyball, 9, EV 78.1 MPH)
|
Batting: RHB Josh Broome
|
0-0: Ball 1-0: Fielders Choice at 2nd, 6-4 (Groundball, 6, EV 89.4 MPH) Jason Kirby to third
|
Batting: RHB Brad Payne
|
0-0: Called Strike 0-1: Ball 1-1: Swinging Strike 1-2: Ball 2-2: Ball 3-2: Strikes out swinging
|
Top of the 3rd over - 0 runs, 0 hits, 0 errors, 2 left on base; Johnson City 0 - Grand Junction 1 |
BOTTOM OF THE 3RD |
Grand Junction Rockies batting - Pitching for Johnson City Cardinals : LHP Danny Rivera
|
Batting: SHB Jamie Mims
|
0-0: Called Strike 0-1: Ball 1-1: Swinging Strike 1-2: Foul Ball, location: 2F 1-2: Ball 2-2: Foul Ball, location: 2F 2-2: SINGLE (Groundball, 56, EV 101.9 MPH)
|
Batting: RHB Juan Figueroa
|
0-0: Ball 1-0: Fielders Choice at 2nd, 2-4 (Groundball, 15S, EV 74.4 MPH)
|
Batting: LHB Bill McGregor
|
0-0: Ball 1-0: Called Strike Juan Figueroa steals 2nd base (no throw) 1-1: Ground out 1-3 (Groundball, 25, EV 75.0 MPH)
|
Batting: RHB John Boyer
|
0-0: Ball 1-0: Foul Ball, location: 2F 1-1: Called Strike 1-2: Ground out 4-3 (Groundball, 4S, EV 67.5 MPH)
|
Bottom of the 3rd over - 0 runs, 1 hit, 0 errors, 1 left on base; Johnson City 0 - Grand Junction 1 |
TOP OF THE 4TH |
Johnson City Cardinals batting - Pitching for Grand Junction Rockies : RHP Don Boudreau
|
Batting: RHB Austin Akers
|
0-0: Ground out 6-3 (Groundball, 56D, EV 105.6 MPH)
|
Batting: RHB Vic Nelson
|
0-0: Called Strike 0-1: Called Strike 0-2: Foul Ball, location: 2F 0-2: Ball 1-2: Foul Ball, location: 2F 1-2: Foul Ball, location: 2F 1-2: Strikes out swinging
|
Batting: RHB David Klein
|
0-0: Ball 1-0: Called Strike 1-1: Called Strike 1-2: Ball 2-2: Foul Ball, location: 2F 2-2: Ball 3-2: Strikes out swinging, 2-3 out at first.
|
Top of the 4th over - 0 runs, 0 hits, 0 errors, 0 left on base; Johnson City 0 - Grand Junction 1 |
BOTTOM OF THE 4TH |
Grand Junction Rockies batting - Pitching for Johnson City Cardinals : LHP Danny Rivera
|
Batting: RHB Willis Morales
|
0-0: Foul Ball, location: 2F 0-1: Ball 1-1: Ground out U3 (Groundball, 3, EV 91.2 MPH)
|
Batting: SHB Jeff Sorrels
|
0-0: Ball 1-0: SINGLE (Groundball, 56D, EV 94.4 MPH)
|
Batting: RHB Zakhar Edelman
|
0-0: Ball 1-0: Foul Ball, location: 2F 1-1: Ball Wild Pitch! Jeff Sorrels to second 2-1: Called Strike 2-2: Fly out, F7 (Flyball, 7LD, EV 108.8 MPH)
|
Batting: LHB Chris Salim
|
0-0: SINGLE (Groundball, 34D, EV 95.0 MPH) Jeff Sorrels to third Runner from 3rd tries for Home, SAFE, throw by RF to home
|
Batting: RHB Bryce Hickman
|
0-0: Ball 1-0: Fly out, F7 (Line Drive, 7, EV 90.6 MPH)
|
Bottom of the 4th over - 1 run, 2 hits, 0 errors, 1 left on base; Johnson City 0 - Grand Junction 2 |
TOP OF THE 5TH |
Johnson City Cardinals batting - Pitching for Grand Junction Rockies : RHP Don Boudreau
|
Pitching: RHP Jim Micaletti
|
|
Batting: RHB Fortunato Fteira
|
0-0: DOUBLE (Line Drive, 89XD, EV 106.9 MPH)
|
Batting: SHB Jason Kirby
|
0-0: Ball 1-0: Ball 2-0: 2-RUN HOME RUN (Flyball, 8RXD, EV 115.6 MPH), Distance : 461 ft
|
Batting: LHB Billy Guzman
|
0-0: Ball 1-0: Foul Ball, location: 2F 1-1: Called Strike 1-2: Ball 2-2: Foul Ball, location: 2F 2-2: Ball 3-2: Foul Ball, location: 2F 3-2: Foul Ball, location: 2F 3-2: Base on Balls
|
Batting: RHB Pat Scaturro
|
0-0: Foul Ball, location: 2F 0-1: Called Strike 0-2: Ball 1-2: Fly out, F4 (Popup, 4D, EV 57.5 MPH)
|
Batting: RHB Josh Broome
|
0-0: Ball 1-0: Ball 2-0: Ball 3-0: Base on Balls Billy Guzman to second
|
Batting: RHB Brad Payne
|
0-0: SINGLE (Line Drive, 9S, EV 103.1 MPH) Billy Guzman to third Josh Broome to second
|
Batting: RHB Austin Akers
|
0-0: Ball 1-0: Ball 2-0: Foul Ball, location: 2F 2-1: Ball Passed Ball! Billy Guzman scores Josh Broome to third Brad Payne to second 3-1: SINGLE (Groundball, 34D, EV 105.0 MPH) Josh Broome scores Brad Payne to third Runner from 3rd tries for Home, SAFE, throw by RF to home
|
Batting: RHB Vic Nelson
|
0-0: Called Strike 0-1: Ball 1-1: Fielders Choice at 2nd, 6-4 (Groundball, 6M, EV 93.1 MPH)
|
Batting: RHB David Klein
|
0-0: Ball 1-0: Called Strike 1-1: Called Strike 1-2: Foul Ball, location: 2F 1-2: Foul Ball, location: 2F 1-2: Strikes out swinging
|
Top of the 5th over - 5 runs, 4 hits, 0 errors, 1 left on base; Johnson City 5 - Grand Junction 2 |
BOTTOM OF THE 5TH |
Grand Junction Rockies batting - Pitching for Johnson City Cardinals : LHP Danny Rivera
|
Batting: SHB Jamie Mims
|
0-0: Ball 1-0: Foul Ball, location: 2F 1-1: Ball 2-1: Ball 3-1: Ground out 6-3 (Groundball, 6, EV 101.9 MPH)
|
Batting: RHB Juan Figueroa
|
0-0: Ball 1-0: Ball 2-0: Ball 3-0: Base on Balls
|
Pitching: RHP Joe Cornell
|
|
Batting: LHB Bill McGregor
|
0-0: Ball Juan Figueroa steals 2nd base 1-0: Foul Ball, location: 2F 1-1: Ball 2-1: Foul Ball, location: 2F 2-2: Ball 3-2: Reached on error, E4 (Groundball, 4, EV 81.9 MPH) Juan Figueroa scores
|
Batting: RHB John Boyer
|
0-0: Ball Bill McGregor steals 3rd base 1-0: Ball 2-0: Ground out 4-3 (Groundball, 6, EV 106.2 MPH)
|
Pinch Hitting: LHB Steve Gilliam
|
0-0: Swinging Strike 0-1: Foul Ball, location: 2F 0-2: Ball 1-2: Ball 2-2: Fly out, F5 (Popup, 25F, EV 86.2 MPH)
|
Bottom of the 5th over - 1 run, 0 hits, 1 error, 1 left on base; Johnson City 5 - Grand Junction 3 |
TOP OF THE 6TH |
Johnson City Cardinals batting - Pitching for Grand Junction Rockies : RHP Jim Micaletti
|
Now at SS: Willie Benito
|
|
Batting: RHB Fortunato Fteira
|
0-0: Called Strike 0-1: Ball 1-1: Ball 2-1: Foul Ball, location: 2F 2-2: Foul Ball, location: 2F 2-2: Foul Ball, location: 2F 2-2: Foul Ball, location: 2F 2-2: Ball 3-2: Base on Balls
|
Batting: SHB Jason Kirby
|
0-0: Ball 1-0: Called Strike 1-1: Ball 2-1: Ball 3-1: Foul Ball, location: 2F 3-2: Base on Balls Fortunato Fteira to second
|
Batting: LHB Billy Guzman
|
0-0: Ball 1-0: Ball 2-0: Ball 3-0: Foul Ball, location: 2F 3-1: Base on Balls Fortunato Fteira to third Jason Kirby to second
|
Batting: RHB Pat Scaturro
|
0-0: Swinging Strike 0-1: Ball Wild Pitch! Fortunato Fteira scores Jason Kirby to third Billy Guzman to second 1-1: Ball 2-1: Foul Ball, location: 2F 2-2: Ball 3-2: Foul Ball, location: 2F 3-2: Strikes out looking
|
Pitching: RHP Andy Rayer
|
|
Batting: RHB Josh Broome
|
0-0: Hit by Pitch
|
Batting: RHB Brad Payne
|
0-0: Called Strike 0-1: Foul Ball, location: 2F 0-2: SINGLE (Groundball, 5L, EV 85.0 MPH) (infield hit) Jason Kirby scores Billy Guzman to third Josh Broome to second
|
Batting: RHB Austin Akers
|
0-0: Fly out, F9 (Flyball, 9D, EV 98.8 MPH) Runner from 3rd tags up, SCORES, no throw by RF
|
Batting: RHB Vic Nelson
|
0-0: Foul Ball, location: 2F 0-1: Swinging Strike 0-2: Ball 1-2: Ball 2-2: DOUBLE (Groundball, 5L, EV 102.5 MPH) Josh Broome scores Brad Payne to third
|
Batting: RHB David Klein
|
0-0: 3-RUN HOME RUN (Line Drive, 7D, EV 98.8 MPH), Distance : 380 ft
|
Batting: RHB Fortunato Fteira
|
0-0: Ball 1-0: Called Strike 1-1: Called Strike 1-2: DOUBLE (Line Drive, 89M, EV 88.1 MPH)
|
Batting: SHB Jason Kirby
|
0-0: Swinging Strike 0-1: Ball Wild Pitch! Fortunato Fteira to third 1-1: Foul Ball, location: 2F 1-2: Fly out, F9 (Line Drive, 89M, EV 96.2 MPH)
|
Top of the 6th over - 7 runs, 4 hits, 0 errors, 1 left on base; Johnson City 12 - Grand Junction 3 |
BOTTOM OF THE 6TH |
Grand Junction Rockies batting - Pitching for Johnson City Cardinals : RHP Joe Cornell
|
Batting: SHB Jeff Sorrels
|
0-0: Ball 1-0: Ball 2-0: Called Strike 2-1: Ball 3-1: Called Strike 3-2: Foul Ball, location: 2F 3-2: Strikes out looking
|
Batting: RHB Zakhar Edelman
|
0-0: Ball 1-0: Foul Ball, location: 2F 1-1: Ball 2-1: Ball 3-1: Ground out 1-3 (Groundball, 25, EV 66.9 MPH)
|
Batting: LHB Chris Salim
|
0-0: Ball 1-0: Swinging Strike 1-1: Ball 2-1: Swinging Strike 2-2: Strikes out swinging
|
Bottom of the 6th over - 0 runs, 0 hits, 0 errors, 0 left on base; Johnson City 12 - Grand Junction 3 |
TOP OF THE 7TH |
Johnson City Cardinals batting - Pitching for Grand Junction Rockies : RHP Andy Rayer
|
Batting: LHB Billy Guzman
|
0-0: Ball 1-0: Foul Ball, location: 2F 1-1: Fly out, F8 (Flyball, 8LXD, EV 100.0 MPH)
|
Batting: RHB Pat Scaturro
|
0-0: Ball 1-0: Fly out, F7 (Flyball, 78S, EV 80.0 MPH)
|
Batting: RHB Josh Broome
|
0-0: Called Strike 0-1: Ball 1-1: Ground out 4-3 (Groundball, 4S, EV 80.6 MPH)
|
Top of the 7th over - 0 runs, 0 hits, 0 errors, 0 left on base; Johnson City 12 - Grand Junction 3 |
BOTTOM OF THE 7TH |
Grand Junction Rockies batting - Pitching for Johnson City Cardinals : RHP Joe Cornell
|
Pitching: RHP Jorge Aguilar
|
|
Batting: RHB Bryce Hickman
|
0-0: Ball 1-0: SINGLE (Groundball, 6MD, EV 96.9 MPH)
|
Batting: SHB Jamie Mims
|
0-0: Ball 1-0: Called Strike 1-1: Ball 2-1: Foul Ball, location: 2F 2-2: Strikes out swinging
|
Pinch Hitting: LHB Luke Coulter
|
0-0: Called Strike 0-1: Foul Ball, location: 2F 0-2: Ball 1-2: Ball 2-2: Strikes out swinging
|
Batting: LHB Bill McGregor
|
0-0: Ball 1-0: Ball 2-0: Ball 3-0: Called Strike 3-1: Foul Ball, location: 2F 3-2: Strikes out swinging
|
Bottom of the 7th over - 0 runs, 1 hit, 0 errors, 1 left on base; Johnson City 12 - Grand Junction 3 |
TOP OF THE 8TH |
Johnson City Cardinals batting - Pitching for Grand Junction Rockies : RHP Andy Rayer
|
Now in RF: Michael Krott
|
|
Batting: RHB Brad Payne
|
0-0: Ball 1-0: Ball 2-0: Foul Ball, location: 2F 2-1: Ground out 6-3 (Groundball, 6, EV 82.5 MPH)
|
Batting: RHB Austin Akers
|
0-0: Ball 1-0: Foul Ball, location: 2F 1-1: Ball 2-1: Ground out 6-3 (Groundball, 56, EV 99.4 MPH)
|
Batting: RHB Vic Nelson
|
0-0: Ball 1-0: Called Strike 1-1: Foul Ball, location: 2F 1-2: Ball 2-2: Ball 3-2: Base on Balls
|
Batting: RHB David Klein
|
0-0: Swinging Strike 0-1: Ball Passed Ball! Vic Nelson to second 1-1: Ball 2-1: 2-RUN HOME RUN (Flyball, 7D, EV 101.2 MPH), Distance : 393 ft
|
Pitching: LHP Jason Ryan
|
|
Batting: RHB Fortunato Fteira
|
0-0: Ball 1-0: Ball 2-0: Ground out 6-3 (Groundball, 6S, EV 61.9 MPH)
|
Top of the 8th over - 2 runs, 1 hit, 0 errors, 0 left on base; Johnson City 14 - Grand Junction 3 |
BOTTOM OF THE 8TH |
Grand Junction Rockies batting - Pitching for Johnson City Cardinals : RHP Jorge Aguilar
|
Batting: RHB John Boyer
|
0-0: Fly out, F9 (Flyball, 9, EV 92.5 MPH)
|
Pinch Hitting: LHB Zack Guillen
|
0-0: Ball 1-0: Ball 2-0: Ball 3-0: Base on Balls
|
Batting: SHB Jeff Sorrels
|
0-0: Ball 1-0: Swinging Strike 1-1: Ball 2-1: Called Strike 2-2: Ball 3-2: Strikes out swinging
|
Batting: RHB Zakhar Edelman
|
0-0: Ball 1-0: Foul Ball, location: 2F 1-1: Swinging Strike 1-2: Ball 2-2: 2-RUN HOME RUN (Line Drive, 7LD, EV 92.5 MPH), Distance : 354 ft
|
Batting: LHB Chris Salim
|
0-0: Called Strike 0-1: Foul Ball, location: 2F 0-2: Strikes out swinging
|
Bottom of the 8th over - 2 runs, 1 hit, 0 errors, 0 left on base; Johnson City 14 - Grand Junction 5 |
TOP OF THE 9TH |
Johnson City Cardinals batting - Pitching for Grand Junction Rockies : LHP Jason Ryan
|
Now at 2B: Harry Folsom
|
|
Now at SS: Jamie Mims
|
|
Batting: SHB Jason Kirby
|
0-0: Foul Ball, location: 2F 0-1: Foul Ball, location: 2F 0-2: Ball 1-2: Ball 2-2: DOUBLE (Line Drive, 9LD, EV 104.4 MPH)
|
Batting: LHB Billy Guzman
|
0-0: Ball 1-0: Ball 2-0: Ball 3-0: Called Strike 3-1: Swinging Strike 3-2: Base on Balls
|
Batting: RHB Pat Scaturro
|
0-0: Ball 1-0: Swinging Strike 1-1: Ball 2-1: Foul Ball, location: 2F 2-2: Ball 3-2: Fly out, F7 (Flyball, 7LS, EV 71.2 MPH)
|
Batting: RHB Josh Broome
|
0-0: Foul Ball, location: 2F 0-1: Swinging Strike 0-2: Strikes out swinging
|
Batting: RHB Brad Payne
|
0-0: SINGLE (Line Drive, 4MD, EV 100.6 MPH) Jason Kirby to third Billy Guzman to second Runner from 3rd tries for Home, SAFE, throw by CF to home
|
Batting: RHB Austin Akers
|
0-0: Called Strike 0-1: Ball 1-1: Swinging Strike 1-2: DOUBLE (Line Drive, 78XD, EV 99.4 MPH) Billy Guzman scores Brad Payne to third
|
Batting: RHB Vic Nelson
|
0-0: Called Strike 0-1: DOUBLE (Flyball, 89D, EV 98.1 MPH) Brad Payne scores Austin Akers scores
|
Batting: RHB David Klein
|
0-0: Called Strike 0-1: Ground out 3-1 (Groundball, 34, EV 88.1 MPH)
|
Top of the 9th over - 4 runs, 4 hits, 0 errors, 1 left on base; Johnson City 18 - Grand Junction 5 |
BOTTOM OF THE 9TH |
Grand Junction Rockies batting - Pitching for Johnson City Cardinals : RHP Jorge Aguilar
|
Batting: RHB Bryce Hickman
|
0-0: Called Strike 0-1: Called Strike 0-2: Ball 1-2: Strikes out swinging
|
Batting: SHB Jamie Mims
|
0-0: Called Strike 0-1: DOUBLE (Groundball, 3D, EV 98.8 MPH)
|
Batting: LHB Michael Krott
|
0-0: Ball 1-0: Fly out, F4 (Flyball, 4D, EV 96.9 MPH)
|
Batting: LHB Bill McGregor
|
0-0: Foul Ball, location: 2F 0-1: Ball 1-1: Ball 2-1: DOUBLE (Flyball, 78D, EV 93.8 MPH) Jamie Mims scores
|
Batting: RHB John Boyer
|
0-0: Called Strike 0-1: Reached on error, E5 (Groundball, 56, EV 86.9 MPH) Bill McGregor scores
|
Pitching: LHP Kevin Turner
|
|
Batting: LHB Harry Folsom
|
0-0: Foul Ball, location: 2F 0-1: Foul Ball, location: 2F 0-2: Ball 1-2: Ground out 6-3 (Groundball, 6MS, EV 78.8 MPH)
|
Bottom of the 9th over - 2 runs, 2 hits, 1 error, 1 left on base; Johnson City 18 - Grand Junction 7 |
|